 Dungeon Crawl Stone Soup version 0.30-a0-715-gdb4ae3ece1 (webtiles) character file.

Game seed: 9896339144066541818

470758 MacCMillion the Spry (level 22, 0/202 HPs)
             Began as a Demigod Gladiator on Jan 24, 2023.
             Splashed by an acid blob's acid (4 damage)
             ... while paralysed by a floating eye
             ... on level 5 of the Pits of Slime on Jan 25, 2023.
             The game lasted 03:55:56 (88434 turns).

MacCMillion the Spry (Demigod Gladiator)           Turns: 88434, Time: 03:55:57

Health: 0/202      AC: -6    Str: 11    XL:     22   Next: 49%
Magic:  26/26      EV:  2    Int: 10    God:
Gold:   4767       SH:  0    Dex: 49    Spells: 13/21 levels left

rFire   + + +      SeeInvis +    d - +11 Screaming Sword {sonic wave}
rCold   + + .      Faith    .    X - +2 kite shield {rF+}
rNeg    + + .      Spirit   .    V - +0 steam dragon scales
rPois   +          Reflect  +    T - +1 helmet {SInv}
rElec   +          Harm     .    (no cloak)
rCorr   +          Rampage  +    O - +4 pair of gloves "Menwar" {Rampage rElec rN+}
Will    ++...                    Z - +1 pair of boots of Izyz {rPois rCorr Str-5}
Stlth   +++++                    h - amulet of reflection
HPRegen 0.53/turn                y - ring "Lohuf" {rElec rF+ rC+ rN+ Str-4}
MPRegen 0.20/turn                D - ring of Yendor {rElec rF+ rC+ Str+5 Dex+6}

@: paralysed, corroded
A: high MP 1, forlorn, divine attributes, deformed body
}: 2/15 runes: decaying, serpentine
a: no special abilities


You were on level 5 of the Pits of Slime.
You visited 10 branches of the dungeon, and saw 48 of its levels.
You visited 1 bazaar.
You also visited: Bailey and Wizlab.

You collected 10299 gold pieces.
You spent 5532 gold pieces at shops.

Inventory:

Hand Weapons
 d - the +11 Screaming Sword (weapon) {sonic wave}
   (You subdued it on level 3 of the Elven Halls)
 s - a +2 scimitar of holy wrath
Missiles
 b - a throwing net
 E - 7 datura-tipped darts
 W - 23 javelins
 Y - 6 silver javelins
Armour
 j - a +2 robe of willpower
 O - the +4 pair of gloves "Menwar" (worn) {Rampage rElec rN+}
   (You found it on level 3 of the Depths)

   rElec:     It insulates you from electricity.
   rN:        It protects you from negative energy.
   Rampage:   It bestows one free step when moving towards enemies.
 T - a +1 helmet of see invisible (worn)
 V - +0 steam dragon scales (worn)
 X - a +2 kite shield of fire resistance (worn)
 Z - the +1 pair of boots of Izyz (worn) {rPois rCorr Str-5}
   (You bought it in a shop on level 1 of the Depths)

   Str:       It affects your strength (-5).
   rPois:     It protects you from poison.
   rCorr:     It protects you from acid and corrosion.
Jewellery
 e - the ring of Uloxzynt {rN+ Will+ Str+4 Int+3}
   (You bought it in a shop in a bazaar)

   [ring of willpower]

   Str:       It affects your strength (+4).
   Int:       It affects your intelligence (+3).
   rN:        It protects you from negative energy.
   Will:      It increases your willpower.
 h - an amulet of reflection (around neck)
 y - the ring "Lohuf" (left hand) {rElec rF+ rC+ rN+ Str-4}
   (You bought it in a shop on level 1 of the Orcish Mines)

   [ring of positive energy]

   Str:       It affects your strength (-4).
   rF:        It protects you from fire.
   rC:        It protects you from cold.
   rElec:     It insulates you from electricity.
   rN:        It protects you from negative energy.
 z - the ring "Detor" {rPois Dex+5}
   (You bought it in a shop on level 8 of the Dungeon)

   [ring of poison resistance]

   Dex:       It affects your dexterity (+5).
   rPois:     It protects you from poison.
 D - the ring of Yendor (right hand) {rElec rF+ rC+ Str+5 Dex+6}
   (You took it off a vampire mage on level 3 of the Depths)

   [ring of dexterity]

   Str:       It affects your strength (+5).
   Dex:       It affects your dexterity (+6).
   rF:        It protects you from fire.
   rC:        It protects you from cold.
   rElec:     It insulates you from electricity.
 F - the ring "Nidoesm" {rPois rF- rC+++ Str+6 Stlth-}
   (You took it off a deep elf annihilator on level 3 of the Elven Halls)

   [ring of strength]

   Str:       It affects your strength (+6).
   rF:        It makes you vulnerable to fire.
   rC:        It renders you almost immune to cold.
   rPois:     It protects you from poison.
   Stlth:     It makes you less stealthy.
Wands
 C - a wand of mindburst (43)
 I - a wand of light (29)
 K - a wand of digging (1)
 N - a wand of flame (58)
 Q - a wand of roots (29)
 U - a wand of paralysis (18)
Scrolls
 g - 23 scrolls of teleportation
 l - 7 scrolls of magic mapping
 n - 2 scrolls of poison
 p - 8 scrolls of fog
 t - 11 scrolls of immolation
 u - 6 scrolls of blinking
 v - a scroll of silence
 w - 5 scrolls of enchant weapon
 B - a scroll of summoning
 L - 8 scrolls of fear
 S - 5 scrolls of enchant armour
Potions
 f - 4 potions of invisibility
 k - 4 potions of cancellation
 m - 7 potions of magic
 o - 6 potions of might
 r - 8 potions of mutation
 x - 16 potions of heal wounds
 A - 5 potions of attraction
 G - 2 potions of resistance
 H - 12 potions of curing
 J - 3 potions of lignification
 M - 6 potions of berserk rage
 P - 8 potions of haste
 R - 5 potions of ambrosia
Miscellaneous
 a - a condenser vane
 c - a box of beasts
 i - a lightning rod (4/4)
 q - a phial of floods


   Skills:
 + Level 18.2 Fighting
 - Level 11.0(14.2) Short Blades
 + Level 14.6(16.0) Long Blades
 - Level 8.0 Throwing
 - Level 6.3 Armour
 + Level 20.1 Dodging
 - Level 5.0 Stealth
 - Level 15.0 Shields
 + Level 14.5 Translocations
 - Level 11.4 Evocations


You had 13 spell levels left.
You knew the following spells:

 Your Spells              Type           Power      Damage    Failure   Level
a - Blink                 Tloc           58%        N/A       1%          2
b - Lesser Beckoning      Tloc           58%        N/A       1%          2
c - Manifold Assault      Tloc           29%        N/A       1%          4

Your spell library contained the following spells:

 Spells                   Type           Power      Damage    Failure   Level
 Apportation              Tloc           58%        N/A       1%          1
 Gell's Gravitas          Tloc           29%        N/A       1%          3
 Teleport Other           Tloc           29%        N/A       1%          3
 Passage of Golubria      Tloc           29%        N/A       1%          4
 Portal Projectile        Hex/Tloc       28%        N/A       10%         3
 Vhi's Electric Charge    Tloc/Air       28%        N/A       10%         3
 Kindle Blastsparks       Fire/Tloc/Air  18%        2d11      26%         3
 Dispersal                Tloc           14%        N/A       26%         6
 Iskenderun's Mystic Bla  Conj/Tloc      14%        2d5       32%         4
 Magic Dart               Conj           0%         1d3       54%         1
 Necrotise                Necr           0%         1d4       54%         1
 Shock                    Conj/Air       0%         1d3       54%         1
 Slow                     Hex            0%         N/A       54%         1
 Sting                    Tmut/Pois      0%         1d3       54%         1
 Summon Small Mammal      Summ           0%         N/A       54%         1
 Summon Forest            Summ/Tloc      7%         N/A       67%         5
 Cigotuvi's Dreadful Rot  Necr/Pois/Air  0%         N/A       69%         2
 Ensorcelled Hibernation  Hex/Ice        0%         N/A       69%         2
 Poisonous Vapours        Pois/Air       0%         N/A       69%         2
 Searing Ray              Conj           0%         2d4       69%         2
 Call Canine Familiar     Summ           0%         N/A       89%         3
 Confusing Touch          Hex            0%         N/A       89%         3
 Dazzling Flash           Conj/Hex       0%         N/A       89%         3
 Ignite Poison            Fire/Tmut/Pois 0%         N/A       89%         3
 Inner Flame              Hex/Fire       0%         N/A       89%         3
 Mephitic Cloud           Conj/Pois/Air  0%         N/A       89%         3
 Spider Form              Tmut/Pois      0%         N/A       89%         3
 Stone Arrow              Conj/Erth      0%         3d7       89%         3
 Summon Guardian Golem    Hex/Summ       0%         N/A       89%         3
 Swiftness                Air            0%         N/A       89%         3
 Tukima's Dance           Hex            0%         N/A       89%         3
 Vampiric Draining        Necr           0%         2d6       89%         3
 Airstrike                Air            0%         2d(0-16)  100%        4
 Anguish                  Hex/Necr       0%         N/A       100%        4
 Animate Armour           Summ/Erth      0%         N/A       100%        4
 Animate Dead             Necr           0%         N/A       100%        4
 Cause Fear               Hex            0%         N/A       100%        4
 Dispel Undead            Necr           0%         3d6       100%        4
 Flame Wave               Conj/Fire      0%         2d4       100%        4
 Fulminant Prism          Conj/Hex       0%         3d5       100%        4
 Olgreb's Toxic Radiance  Pois           0%         N/A       100%        4
 Petrify                  Tmut/Erth      0%         N/A       100%        4
 Sticky Flame             Conj/Fire      0%         2d3       100%        4
 Summon Lightning Spire   Summ/Air       0%         N/A       100%        4
 Arcjolt                  Conj/Air       0%         1d10      100%        5
 Blade Hands              Tmut           0%         N/A       100%        5
 Borgnjor's Vile Clutch   Necr/Erth      0%         N/A       100%        5
 Freezing Cloud           Conj/Ice/Air   0%         6-21      100%        5
 Lee's Rapid Deconstruct  Erth           0%         3d4*      100%        5
 Metabolic Englaciation   Hex/Ice        0%         N/A       100%        5
 Silence                  Hex/Air        0%         N/A       100%        5
 Summon Mana Viper        Hex/Summ       0%         N/A       100%        5
 Yara's Violent Unravell  Hex/Tmut       0%         3d3       100%        5
 Death Channel            Necr           0%         N/A       100%        6
 Iron Shot                Conj/Erth      0%         9d1       100%        6
 Simulacrum               Ice/Necr       0%         N/A       100%        6
 Starburst                Conj/Fire      0%         6d3       100%        6
 Statue Form              Tmut/Erth      0%         N/A       100%        6
 Enfeeble                 Hex            0%         N/A       100%        7
 Storm Form               Tmut/Air       0%         N/A       100%        7
 Discord                  Hex            0%         N/A       100%        8
 Disjunction              Tloc           14%        N/A       100%        8
 Lehudib's Crystal Spear  Conj/Erth      0%         10d2      100%        8
 Maxwell's Capacitive Co  Air            0%         ∞         100%        8
 Polar Vortex             Ice            0%         N/A       100%        9


Dungeon Overview and Level Annotations

Branches:
Dungeon (15/15)            Temple (1/1) D:6            Lair (5/5) D:11
  Swamp (4/4) Lair:2        Snake (4/4) Lair:2        Slime (5/5) Lair:5
    Orc (2/2) D:10            Elf (3/3) Orc:2        Vaults (5/5) D:13
  Crypt (0/3) Vaults:3     Depths (4/4) D:15            Zot (0/5) Depths:4
 Bailey (visited)          WizLab (visited)

Shops:
D:4 *   D:6 *   D:7 ?   D:8 =*(   D:9 !   D:13 *   Orc:1 =([[   Orc:2 ***=
Snake:2 :==   Snake:4 !*?(   Vaults:1 =   Vaults:4 *   Depths:1 =![*!
Depths:2 ?

Portals:
Hell: Depths:1 Depths:2 Depths:3 Depths:4
Abyss: Depths:1 Depths:3
Pandemonium: Depths:2
Ziggurat: Depths:1
Trove: Vaults:1 (give +3 gold dragon scales)

Annotations:
D:3 2 transporters
D:8 1 runed translucent door, exclusion: boulder beetle, NoOffense's ghost, journeyman TrMo
D:10 Psyche
D:14 exclusion: orange crystal statue
Lair:1 Fannar
Lair:2 3 runed translucent doors, atomjack's ghost, journeyman DsCK
Elf:2 3 runed translucent doors
Depths:2 1 runed translucent door, exclusion: door


Innate Abilities, Weirdness & Mutations

You have an increased reservoir of magic. (+10% MP)
You shall have no god before yourself.
Your divine heritage dramatically boosts your attributes as you level up.
Armour fits poorly on your strangely shaped body.


Message History

You hit the acid blob.
Your hands burn!
The acid blob is heavily wounded.
You block the acid blob's attack. The floating eye's view fixates on you.
The acid blob spits acid at you. The splash of acid hits you! You resist.
You slash the acid blob!
Your hands burn!
The acid blob is severely wounded.
You block the acid blob's attack. The acid blob spits acid at you.
The splash of acid reflects off an invisible shield around you!
The splash of acid hits the acid blob.
The acid blob completely resists.
The floating eye gazes piercingly through you!
You suddenly lose the ability to move!
An azure jelly comes into view.
The acid blob hits you but does no damage.
The acid blob spits acid at you. The splash of acid hits you! You resist.
The acid corrodes you! The acid blob hits you!
You are splashed with acid.
You resist. The acid blob barely misses you. The acid blob spits acid at you.
The splash of acid hits you! You resist.
The floating eye's stare focuses on you.
The acid blob hits you!!! The acid corrodes you!
You are splashed with acid.
You resist.
* * * LOW HITPOINT WARNING * * *
The acid blob spits acid at you. The splash of acid hits you! You resist.
* * * LOW HITPOINT WARNING * * *
The acid corrodes you!
A slime creature comes into view.
The slime creature quivers.
The acid blob hits you!!
* * * LOW HITPOINT WARNING * * *
You are splashed with acid.
You resist.
* * * LOW HITPOINT WARNING * * *
The acid blob hits you!
* * * LOW HITPOINT WARNING * * *
The acid corrodes you!
You are splashed with acid.
You resist.
You die...

#................
#................
.................
.................
J................
.................
#................
#...JGJ@.........
#.....J..........
###...............# .#
#.................. .#
##.................# .#
###.................##
#####..................##
..#...................##
.....................##


You could see 2 acid blobs, an azure jelly, a slime creature and a floating eye
(charged).

Vanquished Creatures
  A juggernaut (Depths:3)
  Boris (Vaults:3)
  Sojobo (Depths:1)
  the Lernaean hydra (Swamp:4)
  A caustic shrike (Depths:2)
  Saint Roka (Elf:3)
  Vashnia (Snake:2)
  2 tentacled monstrosities (Depths:2)
  Jorgrun (Elf:1)
  3 liches
  2 deep elf blademasters (Elf:3)
  Asterion (Depths:1)
  2 deep elf master archers (Elf:3)
  8 acid blobs
  Frances (Swamp:1)
  A thorn hunter (Swamp:3)
  5 nagarajas (Snake:4)
  Roxanne (Elf:2)
  Kirke (Snake:1)
  4 shadow dragons
  3 storm dragons
  4 tengu reavers
  An azure jelly (Slime:1)
  2 draconian knights (Depths:4)
  11 frost giants
  2 rockslimes
  2 deep elf sorcerers
  An iron dragon (Depths:4)
  5 fire giants
  9 vault wardens
  A quicksilver ooze (Slime:5)
  2 ghouls (Lair:2)
  Louise (Swamp:1)
  7 deep elf elementalists (Elf:3)
  2 spectral caustic shrikes (Depths:3)
  A caustic shrike skeleton (D:15)
  9 ironbound preservers
  13 stone giants
  4 orc warlords
  A war gargoyle (Vaults:4)
  2 spriggan defenders (Depths:3)
  28 very ugly things
  4 ironbound thunderhulks
  4 deep elf demonologists (Elf:3)
  4 eleionomae (Swamp:3)
  Nessos (D:13)
  3 dire elephants (Vaults:4)
  3 purple draconians (Depths:4)
  8 spark wasps
  9 bunyips
  2 white draconians (Depths:4)
  A yellow draconian (Depths:4)
  8 deep elf annihilators (Elf:3)
  Snorg (D:12)
  5 deep elf death magi (Elf:3)
  3 jiangshi (Depths:3)
  4 entropy weavers
  12 fire dragons
  2 ettins
  An entropy weaver (shapeshifter) (D:14)
  4 great orbs of eyes
  13 yaktaur captains
  2 shambling mangroves (Swamp:3)
  14 vault guards
  Josephine (D:10)
  2 spriggan zombies (D:15)
  2 deep elf high priests (Elf:3)
  A rakshasa (Depths:1)
  5 ice dragons
  3 salamander tyrants
  17 hydras
  6 ogre magi
  A ghost crab (Swamp:4)
  2 spriggan air magi (Depths:4)
  15 anacondas
  Erica (D:9)
  6 ironbound frosthearts
  The ghost of alexxx the Nimble, a journeyman FeSu of Gozag (Lair:4)
  5 alligators
  22 dancing weapons
  6 boulder beetles
  10 centaur warriors
  14 naga warriors
  16 two-headed ogres
  2 tengu warriors
  2 vampire magi
  5 deep troll shamans
  11 deep troll earth magi
  6 spriggan berserkers
  9 shock serpents
  18 deep elf knights
  26 naga sharpshooters
  9 death yaks
  2 sun demons (Depths:1)
  Nergalle (Lair:1)
  5 hell knights (Depths:2)
  A death drake (Swamp:3)
  10 skeletal warriors
  8 goliath frogs
  A fire crab (shapeshifter) (Depths:4)
  A flayed ghost (D:15)
  4 glowing orange brains
  3 iron trolls
  10 salamander mystics
  53 deep trolls
  3 spriggan druids
  14 swamp dragons
  A harpy (shapeshifter) (Elf:3)
  15 bog bodies
  A deep troll (shapeshifter) (Vaults:4)
  6 deep elf archers
  12 ironbound convokers
  2 phantasmal warriors
  20 deep elf pyromancers
  6 orc knights
  7 naga ritualists
  5 necromancers
  5 wizards
  25 deep elf zephyrmancers
  27 ugly things
  5 will-o-the-wisps
  5 harpies (Vaults:4)
  4 lindwurms
  An orc sorcerer (Orc:1)
  10 mana vipers
  50 salamanders
  A shining eye (Slime:1)
  3 cyclopes
  A manticore (shapeshifter) (Depths:3)
  A stone giant skeleton (Depths:1)
  A manticore (D:13)
  2 sphinx skeletons (Depths:1)
  51 black mambas
  23 vault sentinels
  20 naga magi
  A gargoyle (D:12)
  6 elephants (Lair:3)
  A smoke demon (Depths:1)
  2 molten gargoyles (Lair:5)
  9 guardian serpents
  Maggie (Lair:2)
  5 cane toads
  An elf skeleton (Vaults:4)
  3 rime drakes
  An unseen horror (D:13)
  2 efreet (D:15)
  3 kobold demonologists
  4 tengu conjurers
  10 komodo dragons
  27 yaktaurs
  7 trolls
  2 bloated husks
  5 tyrant leeches
  A hellwing (Depths:2)
  A wolf spider simulacrum (D:15)
  9 hornets
  6 dream sheep (Lair:5)
  A blink frog (Lair:4)
  69 slime creatures
  12 air elementals
  A jumping spider (Vaults:4)
  A culicivora (Vaults:3)
  8 spriggans
  40 yaks
  2 vampires
  5 wyverns
  5 water elementals
  7 hogs (Snake:1)
  6 wraiths
  2 shadows
  4 fire elementals
  6 golden eyes
  11 vampire mosquitoes
  Grum (D:9)
  4 basilisks
  3 steam dragons (Lair:5)
  A spriggan simulacrum (Depths:1)
  2 redbacks (Vaults:2)
  2 glowing shapeshifter zombies
  15 swamp worms
  42 nagas
  3 wargs
  3 hell hounds
  13 water moccasins
  A floating eye (Depths:4)
  32 orc warriors
  4 human skeletons
  13 swamp drakes
  2 ice beasts
  4 sky beasts
  2 black bears
  30 ogres
  6 boggarts
  6 wolves
  20 centaurs
  Blork the orc (D:5)
  A gnoll sergeant (D:2)
  4 kobold brigands
  A glowing shapeshifter simulacrum (Vaults:2)
  9 earth elementals
  9 bullfrogs
  2 scorpions
  11 killer bees
  A howler monkey (D:13)
  An electric eel (Lair:5)
  5 lava snakes (Lair:5)
  4 hounds (D:5)
  16 orc priests
  A jelly (shapeshifter) (Elf:1)
  4 jellies
  3 iron imps (D:3)
  A gnoll bouda (Temple)
  21 orc wizards
  9 iguanas
  8 hell rats (Lair:2)
  Robin (D:2)
  7 adders
  12 gnolls
  11 river rats (Lair:2)
  2 shadow imps (D:7)
  A white imp (D:5)
  2 dart slugs
  93 orcs
  4 ball pythons
  4 bats
  2 endoplasms
  2 giant cockroaches
  30 hobgoblins
  17 kobolds
  6 quokkas (D:1)
  3 training dummies (Orc:1)
  2 frilled lizards
  29 goblins
  7 rats
1751 creatures vanquished.

Vanquished Creatures (collateral kills)
  A two-headed ogre (Orc:2)
  3 ogres (Orc:2)
4 creatures vanquished.

Vanquished Creatures (others)
  A bunyip (Swamp:3)
  An anaconda (Snake:4)
  2 deep elf pyromancers
  A deep elf zephyrmancer (Elf:1)
  An ironbound convoker (Vaults:2)
  A yaktaur (Vaults:2)
  A bloated husk (Swamp:3)
  An orc warrior (Elf:3)
  A boggart (Elf:1)
  An orc (D:9)
  2 kobolds (D:11)
  A bush (Swamp:4)
  10 foxfires
  31 fungi
  31 plants
  5 withered plants (D:15)
91 creatures vanquished.

Grand Total: 1846 creatures vanquished

Notes
Turn   | Place    | Note
-------+----------+-------------------------------------------
     0 | D:1      | MacCMillion the Demigod Gladiator began the quest for the
                  | Orb.
     0 | D:1      | Reached XP level 1. HP: 17/17 MP: 3/3
   259 | D:1      | Reached XP level 2. HP: 24/24 MP: 4/4
  1198 | D:2      | Reached XP level 3. HP: 30/30 MP: 5/5
  1301 | D:2      | Noticed Robin
  1341 | D:2      | Killed Robin
  1824 | D:2      | Noticed a gnoll sergeant
  1824 | D:2      | Found the +5 woodcutter's axe
  1889 | D:3      | Reached XP level 4. HP: 37/37 MP: 6/6
  1930 | D:3      | Found a transporter.
  2039 | D:3      | Found a transporter.
  2523 | D:3      | Reached skill level 1 in Stealth
  2636 | D:4      | Found Eqou's General Store.
  2639 | D:4      | Bought a potion of curing for 36 gold pieces
  2639 | D:4      | Bought a scroll of identify for 24 gold pieces
  2639 | D:4      | Identified a scroll of acquirement
  2640 | D:4      | Acquired a manual of Dodging
  3040 | D:4      | Reached XP level 5. HP: 45/45 MP: 7/7
  3110 | D:4      | Reached skill level 3 in Dodging
  3433 | D:4      | Noticed a black bear
  4024 | D:5      | Entered Level 5 of the Dungeon
  4050 | D:5      | Reached skill level 5 in Long Blades
  4462 | D:5      | Reached XP level 6. HP: 9/51 MP: 8/8
  4732 | D:5      | Noticed Blork the orc
  4742 | D:5      | Killed Blork the orc
  4743 | D:5      | Reached skill level 4 in Dodging
  5817 | D:5      | Reached skill level 5 in Dodging
  5821 | D:5      | Reached XP level 7. HP: 47/57 MP: 9/9
  6872 | D:6      | Reached XP level 8. HP: 63/63 MP: 10/10
  6978 | D:6      | Found Vakize's General Store.
  7011 | D:6      | Found a staircase to the Ecumenical Temple.
  8168 | D:6      | Reached skill level 6 in Dodging
  8513 | Temple   | Entered the Ecumenical Temple
  8987 | D:6      | Found a staircase to the Ecumenical Temple.
  9028 | D:6      | Found Vakize's General Store.
  9850 | D:7      | Identified the +0 mace of Yshroisou {flame, Dex+4}
  9861 | D:7      | Got the Parchment of the Green Evil Eye
 10427 | D:7      | Reached XP level 9. HP: 60/72 MP: 11/11
 10553 | D:7      | Reached skill level 7 in Dodging
 10676 | D:7      | Reached skill level 10 in Long Blades
 11045 | D:7      | Found Vaxtim's Magic Scroll Shop.
 11066 | D:7      | Reached skill level 5 in Fighting
 11086 | D:7      | Bought a scroll of magic mapping for 97 gold pieces
 11483 | D:8      | Reached skill level 8 in Dodging
 11726 | D:8      | Found Gatacw's Jewellery Shoppe.
 11727 | D:8      | Found Susmep's Assorted Antiques.
 11729 | D:8      | Found Roryucun's Antique Weapon Shop.
 11730 | D:8      | Found Azxi's Antique Weapon Shoppe.
 11740 | D:8      | Bought a runed scimitar for 203 gold pieces
 12108 | D:8      | Found a runed translucent door.
 12108 | D:8      | Noticed NoOffense's ghost (journeyman TrMo)
 12109 | D:8      | Noticed a tengu warrior
 12109 | D:8      | Found the amulet of the Air {Inacc Air Fly rElec RMsl}
 12281 | D:8      | Noticed a boulder beetle
 12718 | D:9      | Paralysed by a hornet for 1 turns
 13149 | D:9      | Found a flagged portal.
 13176 | Bailey   | Entered a bailey
 13417 | Bailey   | Reached XP level 10. HP: 76/81 MP: 13/13
 13524 | Bailey   | Reached skill level 5 in Throwing
 13925 | Bailey   | Noticed an orc knight
 14030 | Bailey   | Noticed an orc warlord
 14203 | Bailey   | Killed an orc knight
 14394 | D:9      | Identified the +5 short sword of Hubris {holy, Fragile
                  | rPois rF++ SInv}
 14484 | D:9      | Noticed Erica
 14663 | D:9      | Found Rijiep's Distillery.
 14692 | D:9      | Noticed Grum
 14725 | D:9      | Killed Grum
 14820 | D:9      | Killed Erica
 15321 | D:10     | Entered Level 10 of the Dungeon
 15392 | D:10     | Noticed a two-headed ogre
 15434 | D:10     | Noticed a two-headed ogre
 15475 | D:10     | Killed a two-headed ogre
 15882 | D:10     | Noticed Josephine
 15889 | D:10     | Killed Josephine
 15890 | D:10     | Reached skill level 9 in Dodging
 15890 | D:10     | Reached XP level 11. HP: 81/88 MP: 14/14
 16320 | D:10     | Killed a two-headed ogre
 16547 | D:10     | Noticed a two-headed ogre
 16694 | D:10     | Noticed Psyche
 17300 | D:10     | Found a staircase to the Orcish Mines.
 17673 | D:10     | Killed a two-headed ogre
 17674 | D:10     | Reached skill level 10 in Dodging
 18262 | D:10     | Noticed a sixfirhy
 18266 | D:10     | Noticed a sixfirhy
 18417 | D:11     | Found a staircase to the Lair.
 18441 | D:11     | Noticed an orc warlord
 18552 | D:11     | Killed an orc warlord
 19039 | D:11     | Got the Handbook of Corpses
 19131 | Lair:1   | Entered Level 1 of the Lair of Beasts
 19161 | Lair:1   | Noticed Nergalle
 19178 | Lair:1   | Killed Nergalle
 19910 | Lair:1   | Found the +7 captain's cutlass {speed, disarm}
 20089 | Lair:1   | Noticed Fannar
 20554 | Lair:2   | Reached skill level 1 in Short Blades
 20605 | Lair:2   | Found a staircase to the Snake Pit.
 20668 | Lair:2   | Found a runed translucent gate.
 20669 | Lair:2   | Noticed atomjack's ghost (journeyman DsCK)
 20738 | Lair:2   | Reached XP level 12. HP: 100/100 MP: 15/15
 20848 | Lair:2   | Noticed a five-headed hydra
 21052 | Lair:2   | Killed a five-headed hydra
 21160 | Lair:2   | Noticed a five-headed hydra
 21169 | Lair:2   | Killed a five-headed hydra
 21227 | Lair:2   | Found a staircase to the Swamp.
 21527 | Lair:2   | Noticed Maggie
 21697 | Lair:2   | Killed Maggie
 22011 | Lair:2   | Found a runed translucent gate.
 22012 | Lair:2   | Found a runed translucent gate.
 23141 | Lair:3   | Reached skill level 11 in Dodging
 23294 | Lair:3   | Identified the +3 scale mail "Buva" {-Cast Will++ Str-2
                  | Dex+2}
 23779 | Lair:4   | Reached skill level 1 in Shields
 23969 | Lair:4   | Found a runed translucent door.
 24208 | Lair:4   | Reached skill level 5 in Short Blades
 25622 | Lair:4   | Noticed alexxx's ghost (journeyman FeSu)
 25641 | Lair:4   | Killed alexxx's ghost
 25819 | Lair:4   | Reached XP level 13. HP: 81/107 MP: 16/16
 26018 | Lair:4   | Identified the +2 pair of gloves of the Lost Path {rCorr
                  | Int+4}
 26063 | Lair:5   | Entered Level 5 of the Lair of Beasts
 27286 | Lair:5   | Found a staircase to the Slime Pits.
 27379 | Lair:5   | Reached skill level 5 in Stealth
 28138 | Lair:5   | Reached skill level 12 in Dodging
 28282 | Lair:5   | Found a large runed translucent door.
 28398 | Lair:5   | Reached skill level 5 in Evocations
 28417 | Lair:5   | Found a large runed translucent door.
 29573 | Orc:1    | Entered Level 1 of the Orcish Mines
 29627 | Orc:1    | Noticed an orc warlord
 29648 | Orc:1    | Killed an orc warlord
 29710 | Orc:1    | Found Xeuruust's Armour Emporium.
 30367 | Orc:1    | Found Imicseic's Armour Boutique.
 30367 | Orc:1    | You fall into a shaft and drop 1 floor!
 30367 | Orc:2    | Entered Level 2 of the Orcish Mines
 30933 | Orc:1    | Found Jynnei's Jewellery Shop.
 31212 | Orc:1    | Found Nusonk's Firing Range.
 31383 | Orc:1    | Bought a throwing net for 42 gold pieces
 31508 | Orc:2    | Reached skill level 5 in Shields
 31616 | Orc:2    | Reached XP level 14. HP: 114/118 MP: 17/17
 31659 | Orc:2    | Found Wullughi's General Store.
 31660 | Orc:2    | Found Nikuquth's Jewellery Shoppe.
 31677 | Orc:2    | Found Jogod's General Store.
 31677 | Orc:2    | Found Nuroe's General Store.
 32007 | Orc:2    | Bought a potion of berserk rage for 60 gold pieces
 32124 | Orc:2    | Found a staircase to the Elven Halls.
 32845 | D:12     | Reached skill level 10 in Fighting
 33050 | D:12     | Reached skill level 10 in Short Blades
 33347 | D:12     | Noticed Snorg
 33371 | D:12     | Killed Snorg
 34106 | D:13     | Noticed Nessos
 34116 | D:13     | Killed Nessos
 34289 | D:13     | Found Vats's Demolitions Depot.
 34807 | D:13     | Found a gate to the Vaults.
 35611 | D:15     | Entered Level 15 of the Dungeon
 37152 | D:15     | Reached XP level 15. HP: 128/128 MP: 18/18
 37311 | D:15     | Identified the +7 morningstar of the Freezing Sybil {flame,
                  | *Corrode rElec Will+++ Str-2}
 37327 | D:15     | Reached skill level 13 in Dodging
 37356 | D:15     | Reached XP level 16. HP: 135/135 MP: 19/19
 37527 | D:15     | Found a staircase to the Depths.
 38439 | D:8      | Bought the ring "Detor" {rPois Dex+5} for 450 gold pieces
 38543 | Orc:1    | Bought the ring "Lohuf" {rElec rF+ rC+ rN+ Str-4} for 475
                  | gold pieces
 38683 | Snake:1  | Entered Level 1 of the Snake Pit
 38812 | Snake:1  | Reached skill level 14 in Dodging
 38861 | Snake:1  | Noticed Kirke
 38864 | Snake:1  | Noticed a sphinx
 39046 | Snake:1  | Killed Kirke
 39047 | Snake:1  | Reached skill level 10 in Shields
 40811 | Snake:2  | Found Oroseot's Jewellery Emporium.
 40813 | Snake:2  | Found Jokaj's Book Shop.
 40814 | Snake:2  | Found Xoigg's Jewellery Emporium.
 41132 | Snake:2  | Reached skill level 15 in Dodging
 41569 | Snake:2  | Noticed Vashnia
 43678 | Snake:2  | Reached XP level 17. HP: 127/141 MP: 20/20
 44545 | Snake:2  | Reached skill level 16 in Dodging
 44570 | Snake:2  | Killed Vashnia
 45194 | Snake:2  | Found Oroseot's Jewellery Emporium.
 45505 | Snake:2  | Found Jokaj's Book Shop.
 45506 | Snake:2  | Found Xoigg's Jewellery Emporium.
 48389 | Snake:4  | Entered Level 4 of the Snake Pit
 48854 | Snake:4  | Paralysed by a salamander for 4 turns
 49313 | Snake:4  | Found Elaiv's Magic Scroll Shoppe.
 49353 | Snake:4  | Found Zayczity's Weapon Shoppe.
 49353 | Snake:4  | Found Peumpu's Distillery.
 49883 | Snake:4  | Found Uxeujun's General Store.
 50091 | Snake:4  | Reached skill level 17 in Dodging
 52261 | Snake:4  | Reached XP level 18. HP: 140/154 MP: 10/21
 52421 | Snake:4  | Got a serpentine rune of Zot
 52622 | Swamp:1  | Entered Level 1 of the Swamp
 52622 | Swamp:1  | Noticed Frances
 53483 | Orc:2    | Bought a scroll of acquirement for 728 gold pieces
 53483 | Orc:2    | Acquired 945 gold pieces
 53630 | Swamp:1  | Killed Frances
 53743 | D:8      | Bought a ring of flight for 210 gold pieces
 54880 | Swamp:1  | Noticed Louise
 54899 | Swamp:1  | Killed Louise
 57598 | Swamp:4  | Entered Level 4 of the Swamp
 57606 | Swamp:4  | Reached skill level 15 in Shields
 58206 | Swamp:4  | Reached skill level 18 in Dodging
 59079 | Swamp:4  | Noticed the 27-headed Lernaean hydra
 59091 | Swamp:4  | Killed the 26-headed Lernaean hydra
 59405 | Swamp:4  | Got a decaying rune of Zot
 59773 | Elf:1    | Entered Level 1 of the Elven Halls
 59782 | Elf:1    | Paralysed by an air elemental for 1 turns
 59921 | Elf:1    | Found a magical portal.
 59930 | WizLab   | Entered Wucad Mu's Monastery
 60309 | Elf:1    | Paralysed by an air elemental for 1 turns
 60455 | Elf:1    | Acquired 893 gold pieces
 60882 | Elf:1    | Noticed Jorgrun
 60978 | Elf:1    | Killed Jorgrun
 60979 | Elf:1    | Reached XP level 19. HP: 133/166 MP: 22/22
 61431 | Elf:2    | Paralysed by an air elemental for 1 turns
 61607 | Elf:2    | Paralysed by an air elemental for 1 turns
 61898 | D:8      | Bought a ring of willpower for 300 gold pieces
 62125 | Elf:2    | Identified Roxanne's Atlas of the Tektite
 62125 | Elf:2    | Noticed Roxanne
 62202 | Elf:2    | Found a runed translucent gate.
 62203 | Elf:2    | Found a runed translucent gate.
 62203 | Elf:2    | Found a runed translucent gate.
 62844 | Elf:2    | Killed Roxanne
 62879 | Elf:3    | Entered Level 3 of the Elven Halls
 62891 | Elf:3    | Paralysed by an air elemental for 1 turns
 63375 | Elf:3    | Noticed Saint Roka
 63420 | Elf:3    | Killed Saint Roka
 64130 | Vaults:1 | Entered Level 1 of the Vaults
 64360 | Vaults:1 | Reached skill level 19 in Dodging
 64506 | Vaults:1 | Reached skill level 10 in Evocations
 65589 | Vaults:1 | Reached skill level 1 in Armour
 65721 | Vaults:1 | Found Ukettyli's Jewellery Emporium.
 65844 | Vaults:1 | Found a portal to a secret trove of treasure.
 66124 | Vaults:2 | Found a flickering gateway to a bazaar.
 66142 | Bazaar   | Entered a bazaar
 66142 | Bazaar   | Found Soiw's Antique Armour Shoppe.
 66142 | Bazaar   | Found Wiats's Antique Weapon Shoppe.
 66142 | Bazaar   | Found Kaovoqei's Jewellery Shop.
 66144 | Bazaar   | Found Pegausiw's Magic Scroll Shop.
 66169 | Bazaar   | Bought a scroll of acquirement for 468 gold pieces
 66169 | Bazaar   | Acquired 717 gold pieces
 66198 | Bazaar   | Bought a crude leather armour for 231 gold pieces
 66198 | Bazaar   | Identified the +4 leather armour "Ynool" {Harm rC+++ Dex-5
                  | SInv} (You bought it in a shop in a bazaar)
 66206 | Bazaar   | Bought the ring of Uloxzynt {rN+ Will+ Str+4 Int+3} for 610
                  | gold pieces
 66209 | Bazaar   | Bought a scroll of blinking for 67 gold pieces
 66209 | Bazaar   | Bought a scroll of fog for 36 gold pieces
 66209 | Bazaar   | Bought a scroll of teleportation for 27 gold pieces
 66209 | Bazaar   | Bought a scroll of fear for 36 gold pieces
 66209 | Bazaar   | Bought 3 scrolls of teleportation for 81 gold pieces
 66209 | Bazaar   | Bought a scroll of fog for 36 gold pieces
 66466 | Vaults:1 | Reached skill level 5 in Armour
 66854 | Vaults:2 | Learned a level 2 spell: Blink
 66857 | Vaults:2 | Learned a level 2 spell: Lesser Beckoning
 67011 | Vaults:2 | Reached skill level 1 in Translocations
 67721 | Vaults:2 | Reached XP level 20. HP: 176/176 MP: 24/24
 67724 | Vaults:2 | Identified the +5 quarterstaff of Brawling {vamp, rPois
                  | rCorr}
 69409 | Vaults:3 | Reached skill level 5 in Translocations
 69772 | Vaults:3 | Found a staircase to the Crypt.
 69799 | Vaults:3 | Noticed Boris
 69843 | Vaults:3 | Killed Boris
 70870 | Vaults:3 | Reached skill level 15 in Fighting
 71464 | Vaults:4 | Found Uriatig's Assorted Antiques.
 71468 | Vaults:4 | Bought an ivory wand for 180 gold pieces
 73787 | Vaults:4 | Found a transporter.
 73827 | Vaults:4 | Found a transporter.
 74117 | Vaults:4 | Got the Catalogue of Misfortune
 74355 | Vaults:4 | Identified the amulet of Juvvaowa {Faith rC+ Will+}
 74370 | Vaults:4 | Identified the ring "Vostius" {rF+ Dex+2}
 74372 | Vaults:4 | Identified the +2 leather armour of Losuun {rC++ Will+
                  | Int+4}
 74422 | Vaults:5 | Entered Level 5 of the Vaults
 76007 | Elf:3    | Identified the +6 great sword "Berout" {heavy, rC+ Str+4}
 76007 | Elf:3    | Identified the ring "Picocapo" {Ice *Slow rElec rN+}
 76446 | Elf:3    | Identified the ring "Nidoesm" {rPois rF- rC+++ Str+6
                  | Stlth-}
 77017 | Elf:3    | Reached XP level 21. HP: 168/191 MP: 25/25
 77038 | Elf:3    | Identified the +10 halberd of the Lusting Gods {drain,
                  | rElec rC++}
 77589 | Elf:3    | Identified the +7 spear "Ogrebane" {vamp, Int-3 Dex+7}
 77637 | Elf:3    | Identified the +10 arbalest "Sicleve" {freeze, Will+ Str+3
                  | Int+3 SInv}
 77714 | Elf:3    | Got the Papyrus of Movement and the Arsonist
 78046 | Depths:1 | Entered Level 1 of the Depths
 78090 | Depths:1 | Found Piokoed's Jewellery Emporium.
 78494 | Depths:1 | Found a one-way gateway to a ziggurat.
 78884 | Depths:1 | Noticed Sojobo
 78904 | Depths:1 | Killed Sojobo
 79270 | Depths:1 | Found Duyceub's Antique Armour Shop.
 79276 | Depths:1 | Found a one-way gate to the infinite horrors of the Abyss.
 79287 | Depths:1 | Bought a pair of crude boots for 418 gold pieces
 79287 | Depths:1 | Identified the +1 pair of boots of Izyz {rPois rCorr Str-5}
                  | (You bought it in a shop on level 1 of the Depths)
 79311 | Depths:1 | Found Camimp's General Store.
 79430 | Depths:1 | Found a gateway to Hell.
 79557 | Depths:1 | Bought a scroll of blinking for 90 gold pieces
 79573 | Depths:1 | Found Puga Tyff's Distillery.
 79633 | Depths:1 | Bought a potion of heal wounds for 95 gold pieces
 79633 | Depths:1 | Bought a potion of haste for 190 gold pieces
 79633 | Depths:1 | Bought a potion of haste for 190 gold pieces
 79633 | Depths:1 | Bought a potion of might for 76 gold pieces
 79633 | Depths:1 | Bought a potion of might for 76 gold pieces
 79792 | Depths:1 | Found Rayfell's Distillery.
 79886 | Depths:1 | Noticed Asterion
 79892 | Depths:1 | Killed Asterion
 80496 | Depths:2 | Reached skill level 10 in Translocations
 81181 | Depths:2 | Found a one-way gate leading to the halls of Pandemonium.
 81244 | Depths:2 | Found Yroigoss's Magic Scroll Emporium.
 81250 | Depths:2 | Noticed a caustic shrike
 81480 | Depths:2 | Found a runed translucent door.
 81485 | Depths:2 | Found a runed translucent door.
 81614 | Depths:2 | Learned a level 4 spell: Manifold Assault
 81898 | Depths:2 | Found a one-way gate leading to the halls of Pandemonium.
 81958 | Depths:2 | Killed a caustic shrike
 82366 | Depths:2 | Found Yroigoss's Magic Scroll Emporium.
 82435 | Depths:2 | Found a runed translucent door.
 83096 | Depths:3 | Noticed a juggernaut
 83116 | Depths:3 | Killed a juggernaut
 83960 | Depths:3 | Identified the +5 quarterstaff of the Eggplant {flame,
                  | Drain Str+3 Dex+3}
 84128 | Depths:3 | Acquired 650 gold pieces
 84129 | Depths:3 | Acquired 1051 gold pieces
 84161 | Depths:3 | Identified the ring of Yendor {rElec rF+ rC+ Str+5 Dex+6}
 84183 | Depths:3 | Reached XP level 22. HP: 184/201 MP: 26/26
 84239 | Depths:3 | Identified the +4 pair of gloves "Menwar" {Rampage rElec
                  | rN+}
 84302 | Depths:3 | Identified the +0 battleaxe "Visituon" {pain, rCorr MP+9
                  | Int+3 SInv}
 84595 | Depths:4 | Entered Level 4 of the Depths
 85765 | Depths:4 | Found a gate to the Realm of Zot.
 86095 | Slime:1  | Entered Level 1 of the Pits of Slime
 86105 | Slime:1  | Reached skill level 20 in Dodging
 86610 | Slime:1  | Gained mutation: Armour fits poorly on your strangely
                  | shaped body. [a shining eye]
 88156 | Slime:5  | Entered Level 5 of the Pits of Slime
 88430 | Slime:5  | Paralysed by a floating eye for 4 turns
 88434 | Slime:5  | HP: 4/202 [acid blob (12)]
 88434 | Slime:5  | Splashed by an acid blob's acid

Illustrated notes

Levels and vault maps discovered:
D:1:      grunt_arrival_lava_bath, layout_basic, roderic_serpentine_path,
          chequers_avenue
D:2:      layout_rooms, chequers_serial_rivers_room_b,
          pf_guarded_unrand_woodcutter, uniq_robin
D:3:      gammafunk_steamed_eel, layout_basic, demons_altar,
          minmay_tree_intersection
D:4:      cheibrodos_thug_alley, layout_loops_ring, nicolae_stop_n_shop_1
D:5:      layout_rooms, grunt_gozag_statues, nrook_mini_vaults,
          kennysheep_decorative_pillar,
          hangedman_abyss_or_decor_jellyfish_corner, uniq_blork_the_orc
D:6:      layout_loops_ring, zin_scriptorium, grunt_qazlal_sundering,
          minmay_temple_entry_ruins, serial_shops, shop,
          minmay_fractal_squares_gapless_5
D:7:      layout_loops_ring, serial_shops, nicolae_shop_stone,
          minmay_hedge_maze, minivault_10, minmay_joined_circles
D:8:      layout_loops_corners, nemelex_xobeh_ov_fountains_minmay,
          ebering_ghost_inner_flame, serial_bayou_pond_e,
          nicolae_wooded_promenade, hangedman_abyss_or_decor_lesser_grid,
          hangedman_feature_mirror
D:9:      layout_cave_pools, serial_shops, nicolae_shop_hallway_stairs,
          enter_bailey_3, uniq_grum, uniq_erica
D:10:     layout_loops_ring, nicolae_tso_swordbearing_angel,
          nzn_wu_jian_council_hall, minmay_orc_entry_temple_small, uniq_psyche,
          uniq_josephine
D:11:     layout_cross, lair_entry_dummy, kennysheep_just_a_vault
D:12:     layout_cave_pools, trog_three_pillars_becter, uniq_snorg
D:13:     layout_loops_cross, david_vaults_5, nicolae_blasting_shop,
          kb_tengu_band, uniq_nessos
D:14:     layout_roguey, dreamdust_princess_bridge, minivault_16,
          hangedman_aviary
D:15:     gammafunk_depths_entry_grave, layout_basic, minmay_liquid_box,
          minmay_mirror_moons_of_madness
Temple:   nicolae_temple_no_exploring_needed
Lair:1:   layout_roguey, wad_woods_road_02, uniq_fannar, uniq_nergalle
Lair:2:   layout_cave_pods, palyth_hydra_swamp_entry,
          minmay_snake_entry_guardpost_medium, gammafunk_ghost_split,
          serial_rivers, chequers_serial_rivers_micro_a,
          chequers_serial_rivers_room_b, chequers_serial_rivers_marsh,
          chequers_serial_rivers_room_b, kennysheep_rathole, uniq_maggie
Lair:3:   layout_loops_ring
Lair:4:   layout_layer_cave, ebering_ghost_xom, chequers_serial_rivers_large_b,
          amcnicky_mini_pool_medium, infiniplex_staircase_pool
Lair:5:   cheibrodos_lair_end_hotspot, layout_gridlike, slime_entry_1,
          st_stairs_5
Swamp:1:  layout_basic_swamp, lemuel_altar_in_water, swamp_pool4, uniq_frances,
          uniq_louise
Swamp:2:  layout_falls_marsh, evilmike_swamp_ruin_rubble_2
Swamp:3:  nzn_winding_woodlands_three_and_one
          [nzn_winding_woodlands_5x15_concentric,
          nzn_winding_woodlands_5x15_pool, nzn_winding_woodlands_5x15_sawtooth,
          nzn_winding_woodlands_center_lodge], layout_basic_swamp,
          evilmike_swamp_ruin_rubble_1, swamp_pool1
Swamp:4:  grunt_swamp_rune_castle, layout_basic_swamp,
          cheibrodos_swamp_pet_leeches
Snake:1:  layout_honeycomb, nicolae_snake_lava_pool, uniq_kirke
Snake:2:  cheibrodos_snake_lava_hold, layout_gridlike,
          nicolae_snake_salamander_zone, minmay_shop_grove, uniq_vashnia
Snake:3:  layout_chambers, grunt_megastairs_5
Snake:4:  grunt_snake_rune_serpentine_throne, layout_onion_interference,
          minmay_shoptagon, serial_bayou_shore_b
Slime:1:  layout_caves
Slime:2:  layout_caves, basic_altar
Slime:3:  layout_caves
Slime:4:  layout_caves
Slime:5
Orc:1:    layout_diamond_mine, serial_shops, shop, shop, shop,
          nicolae_shop_firing_range
Orc:2:    st_orc_ogre_mass, layout_caves, minmay_orc_temple_b
Elf:1:    nicolae_elf_arrival_aired_out, layout_loops_corners,
          mu_enter_wizlab_3, hangedman_elf_disciples, uniq_jorgrun
Elf:2:    nicolae_elf_blades_crystal_corner, layout_loops_ring,
          minmay_misc_feat_rows, onia_ninara_cookie, uniq_roxanne
Elf:3:    elf_hall_gauntlet_narrow, layout_geoelf_octagon, sword_in_stone,
          uniq_saint_roka
Vaults:1: ontoclasm_vaults_idyll, vaults_room_corners, v_misc_30,
          nicolae_vaults_circle_grid_b, ontoclasm_vaults_gateway,
          vaults_dpeg_hooks, layout_vaults_omnigrid, serial_shops,
          nicolae_shop_waterfront, enter_trove_6
Vaults:2: hangedman_vaults_stagger, ontoclasm_vaults_twist,
          hangedman_vaults_impose, vaults_room_grid, vaults_mumra_chevron,
          vaults_room_pools, hangedman_vaults_slice, ontoclasm_vaults_bender,
          v_misc_29, nicolae_vaults_border_crossing,
          vaults_room_hangedman_quadrants, vaults_room_fours,
          layout_vaults_chaotic_city, serial_shops, bzr_entry_islet
Vaults:3: v_rooms_1, minmay_crypt_entry_necro_gods, grunt_vaults_swirl,
          v_misc_9, vaults_mumra_hex, v_rooms_5, v_misc_27, vaults_room_hallway,
          layout_vaults_ring, uniq_boris
Vaults:4: gammafunk_its_a_trap, vaults_room_fancy_cross, v_alt_pattern_4,
          v_pattern_2, vaults_room_grid, hangedman_vaults_corner,
          vaults_room_large_hall, vaults_dpeg_encased_lava,
          hangedman_vaults_trim, layout_vaults_omnicross, serial_shops,
          nicolae_diamond_shop
Vaults:5
Depths:1: layout_honeycomb, enter_ziggurat_a, hellmouth_3, abyss_entry,
          okawaru_gym_becter, serial_shops, shop, nicolae_shop_crystal,
          shop_statue, nicolae_shop_stone, nicolae_shop_advertising_works
          [nicolae_subvault_shop_adworks], fedhas_altar_1, uniq_sojobo,
          uniq_asterion
Depths:2: minmay_expanding_circles, layout_long_grid, hell_entry,
          nzn_hepliaklqana_mist_gate, serial_shops, shop,
          rand_demon_pan_entry_1, feat_on_display, infiniplex_staircase_zigzag_4
Depths:3: minmay_the_grid_square_5x5_3x3 [minmay_the_grid_square_5x5_inner_z,
          minmay_the_grid_square_5x5_tri_point,
          minmay_the_grid_square_5x5_sharp_hourglass,
          minmay_the_grid_square_5x5_three_walls,
          minmay_the_grid_square_5x5_megaprize_crossed,
          minmay_the_grid_square_5x5_shuriken,
          minmay_the_grid_square_5x5_fancy_junction,
          minmay_the_grid_square_5x5_tie,
          minmay_the_grid_square_5x5_misaligned], layout_basic,
          abyss_entry_flame_altar, pf_hell_entry_tar_river,
          nicolae_ru_sacrificial_ziggurat
Depths:4: grunt_zot_entry_hairpin, layout_cave_pools,
          serial_sigils_hangedman_clutch, hell_entry

Skill      XL: |  1  2  3  4  5  6  7  8  9 10 11 12 13 14 15 16 17 18 19 20 21 22 |
---------------+-------------------------------------------------------------------+-----
Fighting       | 2 3 4 5 7 8 9 10 12 13 14 17 18 | 18.2
Long Blades    | 3 4 5 6 8 9 10 12 14 | 14.6
Stealth        | 1 2 4 5 |  5.0
Dodging        | 3 5 6 8 9 10 11 12 13 15 17 18 19 20 | 20.1
Throwing       | 4 6 7 8 |  8.0
Evocations     | 3 4 5 8 10 11 | 11.4
Short Blades   | 1 5 8 11 | 11.0
Shields        | 2 5 8 9 12 14 15 | 15.0
Armour         | 6 |  6.3
Translocations | 3 8 13 14 | 14.5

Action                     |  1- 3 |  4- 6 |  7- 9 | 10-12 | 13-15 | 16-18 | 19-21 | 22-24 || total
---------------------------+-------+-------+-------+-------+-------+-------+-------+-------++-------
  Melee: Long sword        |   114 |   201 |   315 |       |       |       |       |       ||   630
         Punch             |       |       |     9 |    19 |    21 |       |       |       ||    49
         Scimitar          |       |       |   127 |   411 |    21 |  1736 |  1116 |       ||  3411
         Cutlass           |       |       |       |   622 |  1365 |   490 |    24 |       ||  2501
         Unarmed           |       |       |       |     1 |       |     2 |       |       ||     3
         Double sword      |       |       |       |       |       |       |   910 |   329 ||  1239
  Throw: Throwing net      |       |     2 |     2 |     1 |       |       |     1 |       ||     6
         Dart              |       |     5 |    21 |    16 |    10 |     2 |       |       ||    54
         Boomerang         |       |       |       |     3 |     4 |    40 |       |       ||    47
         Javelin           |       |       |       |     8 |     6 |     3 |     2 |       ||    19
   Cast: Lesser Beckoning  |       |       |       |       |       |       |    31 |     8 ||    39
         Blink             |       |       |       |       |       |       |     5 |       ||     5
  Evoke: Wand              |       |       |     3 |     6 |     7 |     4 |    20 |       ||    40
         Box of beasts     |       |       |       |       |     1 |     1 |       |       ||     2
         Lightning rod     |       |       |       |       |       |     3 |       |       ||     3
    Use: Scroll            |     3 |     3 |     9 |    11 |     6 |     9 |     9 |     1 ||    51
         Potion            |       |     3 |     3 |     4 |     1 |     3 |     5 |       ||    19
   Stab: Sleeping          |     2 |     3 |     6 |    10 |     9 |    29 |    22 |     8 ||    89
         Distracted        |       |     1 |     1 |       |     3 |    16 |    12 |     3 ||    36
         Held in net/web   |       |     1 |       |       |       |       |       |       ||     1
         Invisible         |       |       |       |     8 |     5 |     4 |    11 |       ||    28
         Paralysed         |       |       |       |     2 |       |       |       |       ||     2
 Armour: Leather armour    |    30 |    27 |    75 |    33 |       |       |       |       ||   165
         Troll leather arm |       |       |       |    18 |       |       |       |       ||    18
         Steam dragon scal |       |       |       |    23 |    86 |    67 |    38 |     7 ||   221
         Robe              |       |       |       |       |    26 |       |     5 |       ||    31
  Dodge: Dodged            |    84 |   116 |   268 |   501 |   582 |  1173 |  1043 |   166 ||  3933
  Block: Other             |     3 |    43 |    81 |   129 |    87 |       |       |       ||   343
         Reflection        |       |     2 |     2 |    17 |    29 |   185 |   100 |    12 ||   347
         Kite shield       |       |       |       |       |   278 |  2145 |  1893 |   299 ||  4615

Table legend: (Time is in decaauts)
 A = Elapsed time spent in this place.
 B = Non-inter-level travel time spent in this place.
 C = Inter-level travel time spent in this place.
 D = Time resting spent in this place.
 E = Time spent auto-exploring this place.
 F = Levels seen in this place.
 G = Mean time per level.
                   A        B        C        D        E       F      G
               +--------+--------+--------+--------+--------+-----+--------+
         Total |  86320 |  77433 |   8887 |  30103 |  28790 |  51 | 1692.5 |
       Dungeon |  25965 |  22416 |   3549 |   8759 |   8988 |  15 | 1731.0 |
        Temple |    265 |    265 |      0 |    260 |      0 |   1 |  265.0 |
          Lair |  11656 |  10110 |   1546 |   3765 |   4622 |   5 | 2331.2 |
         Swamp |   5501 |   5260 |    241 |   2208 |   1197 |   4 | 1375.2 |
     Snake Pit |  13262 |  12487 |    775 |   5246 |   4745 |   4 | 3315.5 |
    Slime Pits |   1817 |   1779 |     38 |    771 |    689 |   5 |  363.4 |
  Orcish Mines |   3043 |   2380 |    663 |    855 |    883 |   2 | 1521.5 |
   Elven Halls |   6192 |   5577 |    615 |   2402 |   1344 |   3 | 2064.0 |
        Vaults |   9628 |   8590 |   1038 |   2246 |   3925 |   5 | 1925.6 |
        Depths |   7638 |   7220 |    418 |   3002 |   2344 |   4 | 1909.5 |
        Bazaar |     93 |     93 |      0 |      0 |     51 |   1 |   93.0 |
        Bailey |   1135 |   1135 |      0 |    563 |      0 |   1 | 1135.0 |
        Wizlab |    117 |    117 |      0 |     23 |      0 |   1 |  117.0 |
               +--------+--------+--------+--------+--------+-----+--------+

Top non-repeatable levels by time:
 Snake:2: 4652 daAuts
  Lair:2: 3699 daAuts
    D:10: 3670 daAuts
 Snake:4: 3214 daAuts
Vaults:3: 3110 daAuts
Vaults:2: 3079 daAuts
 Snake:3: 2952 daAuts
Depths:2: 2840 daAuts
  Lair:5: 2663 daAuts
  Lair:4: 2539 daAuts
 Snake:1: 2443 daAuts
   Elf:3: 2403 daAuts
     D:6: 2264 daAuts
Depths:1: 2218 daAuts
     D:5: 2182 daAuts
